 Dungeon Crawl Stone Soup version 0.18.1-8-gdd0e5ea (webtiles) character file.

5086 Medar the Carver (level 10, 0/72 HPs)
             Began as a Demonspawn Chaos Knight on May 21, 2016.
             Succumbed to a spiny frog's poison
             ... on level 1 of the Lair of Beasts.
             The game lasted 00:37:10 (14275 turns).

Medar the Carver (Demonspawn Chaos Knight)         Turns: 14275, Time: 00:37:11

Health: 0/72       AC: 13    Str: 18    XL:     10   Next: 31%
Magic:  10/10      EV: 25    Int: 16    God:    Xom [......]
Gold:   462        SH:  6    Dex: 17    Spells: 0 memorised, 9 levels left

rFire  . . .     SeeInvis .     (weapon currently unavailable)
rCold  . . .     Gourm    .     (armour currently unavailable)
rNeg   + + +     Faith    .     (shield currently unavailable)
rPois  +         Spirit   .     G - +0 helmet
rElec  .         Dismiss  .     (cloak currently unavailable)
rCorr  .         Reflect  +     (gloves currently unavailable)
SustAt +         Harm     .     (boots currently unavailable)
MR     +....     Rnd*Tele +     H - +6 amulet of reflection
Stlth  +++++.....               z - ring of sustain attributes
                                P - ring of protection from magic

@: agile, lethally poisoned (0 -> -7), exhausted, fungus-form, very slightly
contaminated, hasted and slowed, somewhat resistant to hostile enchantments,
quite stealthy
A: (claws 0), (yellow scales 0), blurry vision 1, clever 1, nightstalker 2,
strong 1, teleportitis 1
a: Renounce Religion


You were on level 1 of the Lair of Beasts.
You worshipped Xom.
You were a very special plaything of Xom.
You were hungry.
You were a sentient fungus.
You visited 2 branches of the dungeon, and saw 11 of its levels.
You visited the Abyss 1 time.

You collected 462 gold pieces.

Inventory:

Hand Weapons
 a - a +1 long sword (melded)
 b - a +0 falchion of chaos
 L - a +0 blowgun
Missiles
 i - 12 tomahawks (quivered)
 l - 65 poisoned needles
 D - 2 throwing nets {=f =F}
 I - 8 javelins
Armour
 g - a +0 cloak (melded)
 o - a +0 plate armour
 q - a +1 buckler (melded)
 x - a +2 leather armour (melded)
 G - a +0 helmet (worn)
 K - a +0 pair of boots (melded)
 U - a +2 pair of gloves (melded)
Jewellery
 h - an uncursed ring of magical power
 z - a ring of sustain attributes (right hypha)
 H - a +6 amulet of reflection (around neck)
 P - a ring of protection from magic (left hypha)
Wands
 N - a wand of flame (32/48)
 S - a wand of iceblast (4/15)
 T - a wand of polymorph (5/24)
Scrolls
 d - 2 scrolls of teleportation
 f - a scroll of enchant weapon
 j - 3 scrolls of blinking
 k - a scroll of fear {unknown}
 p - 2 scrolls of noise
 r - 3 scrolls of amnesia
 t - 8 scrolls of remove curse {@r1}
 v - a scroll of enchant armour
 w - 3 scrolls of recharging
Potions
 e - a potion of degeneration
 n - 3 potions of agility
 A - 4 potions of brilliance
 F - a potion of might
 J - 3 potions of haste
Books
 s - a book of Envenomations

   Spells                             Type                      Level
   a - Spider Form                    Transmutation/Poison         3
   b - Olgreb's Toxic Radiance        Poison                       4
   c - Alistair's Intoxication        Transmutation/Poison         5
   d - Poisonous Cloud                Conjuration/Poison/Air       6
 y - a book of Death

   Spells                             Type                      Level
   a - Corpse Rot                     Necromancy                   2
   b - Sublimation of Blood           Necromancy                   2
   c - Agony                          Necromancy                   5
   d - Dispel Undead                  Necromancy                   5
   e - Excruciating Wounds            Charms/Necromancy            5
   f - Bolt of Draining               Conjuration/Necromancy       5
 M - a book of Frost

   Spells                             Type                      Level
   a - Freeze                         Ice                          1
   b - Throw Frost                    Conjuration/Ice              2
   c - Ozocubu's Armour               Charms/Ice                   3
   d - Throw Icicle                   Conjuration/Ice              4
   e - Summon Ice Beast               Ice/Summoning                4
Miscellaneous
 m - a lamp of fire (inert)
Comestibles
 c - 8 bread rations {@e1}
 u - 2 slices of pizza
 B - 3 fruits {@e3}
 C - 7 beef jerkies
 E - 5 meat rations {@e2}
 Q - 7 chunks of flesh


   Skills:
 - Level 4.2 Fighting
 + Level 12.5 Long Blades
 - Level 3.1 Armour
 - Level 2.5 Dodging
 + Level 0.2 Stealth
 - Level 4.0 Shields


You had 9 spell levels left.
You didn't know any spells.

Dungeon Overview and Level Annotations

Branches:
Dungeon (10/15)            Temple (0/1) D:4            Lair (1/8) D:10
    Orc: D:9-12

Altars:
Ashenzari
Fedhas
Kikubaaqudgha
Makhleb
Nemelex Xobeh
Okawaru
Pakellas
Ru
Xom

Shops:
D:6 %   D:7 %   D:10 =

Annotations:
D:4 Crazy Yiuf
D:10 shop disint, Snorg


Innate Abilities, Weirdness & Mutations

((You have sharp fingernails.))
((You are mostly covered in yellow scales (AC +3).))
You are significantly more attuned to the shadows.
Scrolls take you a little longer to read.
Your mind is acute. (Int +2)
Your muscles are strong. (Str +2)
You are occasionally teleported next to monsters.


Message History

Okay, then.
Okay, then.
Evoke which item? (* to show all) (? for menu, Esc to quit)
Zapping:
T - a wand of polymorph (will waste charges)
Press: ? - help, Shift-Dir - straight line, f - you Really target yourself?
You turn into a sentient fungus.
Your +1 long sword melds into your body.
Your +0 cloak melds into your body.
Your +2 pair of gloves melds into your body.
Your +0 pair of boots melds into your body.
Your +1 buckler melds into your body.
Your +2 leather armour melds into your body.
Evoking this partially-identified wand wasted a few charges.
* * * LOW HITPOINT WARNING * * *
You feel sick.
* * * LOW HITPOINT WARNING * * *
You feel sick.
You die...
Xom howls with laughter!

#..# ##..##
....# #..P#
#..# . ##.f#
...#####P..#
...........#
...#####...# .
.#...# #....##
≈≈≈≈≈≈.#
..P...#
≈≈≈≈≈≈..#.....
....


There were no monsters in sight!

Vanquished Creatures
  A two-headed ogre (D:8)
  2 hippogriffs (D:10)
  2 sky beasts
  3 orc warriors
  A porcupine (Lair:1)
  2 ice beasts
  A black bear (D:6)
  4 phantoms
  A tengu (D:7)
  4 ogres
  4 centaurs
  2 big kobolds
  4 giant frogs
  Dowan (D:7)
  2 scorpions
  5 killer bees (D:7)
  10 howler monkeys
  4 crimson imps
  A centaur zombie (D:5)
  2 giant frog zombies
  A giant frog skeleton (D:5)
  4 hounds
  3 jellies
  A gnoll shaman (D:6)
  7 orc priests
  4 iguanas
  2 orc wizards
  7 worker ants
  A killer bee zombie (D:5)
  3 worker ant zombies
  A howler monkey zombie (D:5)
  6 gnolls
  9 adders
  2 shadow imps
  An ooze (D:1)
  2 adder skeletons (D:5)
  An adder zombie (D:5)
  A worm (D:3)
  A dart slug (D:1)
  4 giant geckos
  29 orcs
  7 bats
  7 giant cockroaches
  8 goblins
  9 hobgoblins
  3 jackals (D:5)
  2 quokkas
  A giant cockroach zombie (D:5)
  2 giant gecko skeletons
  A giant gecko zombie (D:5)
  2 giant newts
  12 kobolds
  A quokka zombie (D:6)
  12 rats
213 creatures vanquished.

Vanquished Creatures (collateral kills)
  A troll (D:10)
1 creature vanquished.

Vanquished Creatures (others)
  A centaur (D:10)
  A kobold (D:10)
2 creatures vanquished.

Grand Total: 216 creatures vanquished

Notes
Turn   | Place    | Note
--------------------------------------------------------------
     0 | D:1      | Medar the Demonspawn Chaos Knight began the quest for the Orb.
     0 | D:1      | Reached XP level 1. HP: 18/18 MP: 1/1
    41 | D:1      | XOM: divination: magic mapping
   108 | D:1      | Reached skill level 1 in Dodging
   206 | D:1      | Gained mutation: You are partially covered in yellow scales (AC +2). [demonic ancestry]
   206 | D:1      | Reached XP level 2. HP: 24/24 MP: 2/2
   402 | D:1      | XOM: potion effect (berserk rage)
   409 | D:1      | Reached skill level 3 in Long Blades
   619 | D:1      | XOM: cast spell 'Confusing Touch'
   666 | D:1      | XOM: silly message
   747 | D:1      | Reached XP level 3. HP: 24/29 MP: 3/3
  1184 | D:2      | XOM: 1-stop teleportation journey
  1241 | D:2      | Found a burning altar of Makhleb.
  1258 | D:2      | XOM: mild Tloc miscast
  1475 | D:2      | Reached skill level 4 in Long Blades
  1710 | D:2      | Gained mutation: You have sharp fingernails. [demonic ancestry]
  1710 | D:2      | Reached XP level 4. HP: 31/35 MP: 4/4
  1892 | D:3      | Reached skill level 1 in Shields
  1988 | D:2      | XOM: medium Air miscast
  2730 | D:3      | Found an ancient bone altar of Kikubaaqudgha.
  2981 | D:3      | Gained mutation: You are mostly covered in yellow scales (AC +3). [demonic ancestry]
  2981 | D:3      | Reached XP level 5. HP: 28/41 MP: 5/5
  3108 | D:3      | XOM: silly message
  3520 | D:4      | Found a shattered altar of Ashenzari.
  3554 | D:4      | Found a staircase to the Ecumenical Temple.
  3595 | D:4      | XOM: potion effect (invisibility)
  3739 | D:4      | Noticed a phantom
  3761 | D:4      | XOM: polymorph giant newt -> gnoll
  3768 | D:4      | Gained mutation: You are slightly more attuned to the shadows. [demonic ancestry]
  3768 | D:4      | Reached XP level 6. HP: 47/47 MP: 6/6
  3786 | D:3      | XOM: draining
  3819 | D:3      | XOM: give mutation
  3819 | D:3      | Gained mutation: You are occasionally teleported next to monsters. [Xom's mischief]
  3824 | D:3      | XOM: repel stairs
  3825 | D:3      | XOM: potion effect (curing)
  3830 | D:3      | XOM: blink monster(s)
  3836 | D:3      | XOM: enchant monster (bad)
  4207 | D:4      | XOM: summons 3 hostile demons
  4484 | D:4      | XOM: harmless Air miscast
  4488 | D:4      | XOM: chaos cloud
  4499 | D:4      | XOM: harmless Tloc miscast
  4514 | D:4      | XOM: summons 5 hostile shadow creatures
  4519 | D:4      | XOM: butterfly on damage
  4560 | D:5      | Entered Level 5 of the Dungeon
  4571 | D:5      | XOM: torment (9/47 hp)
  4598 | D:5      | XOM: harmless Conj miscast
  4752 | D:5      | Gained mutation: Armour fits poorly on your strangely shaped body. [potion of mutation]
  4752 | D:5      | Gained mutation: Your mind is acute. (Int +2) [potion of mutation]
  4752 | D:5      | Gained mutation: Your muscles are strong. (Str +2) [potion of mutation]
  4799 | D:5      | Noticed an ice beast
  4808 | D:5      | XOM: blink monster(s)
  4828 | D:5      | XOM: cast spell 'Metabolic Englaciation'
  4830 | D:5      | XOM: summons friendly white imp
  4831 | D:5      | Killed an ice beast
  4832 | D:5      | XOM: blink monster(s)
  4836 | D:5      | XOM: fog
  4840 | D:5      | Reached XP level 7. HP: 12/54 MP: 7/7
  4841 | D:5      | XOM: 1-stop teleportation journey
  4842 | D:5      | XOM: enchant monster (good)
  4880 | D:5      | XOM: mild Conj miscast
  4927 | D:5      | XOM: mild Pois miscast
  5168 | D:5      | Noticed Crazy Yiuf
  5674 | D:4      | Reached skill level 5 in Long Blades
  5812 | D:5      | XOM: confusion
  5830 | D:4      | HP: 2/54 [Crazy Yiuf/quarterstaff of chaos (8)]
  6079 | D:3      | XOM: medium Tloc miscast
  6457 | D:4      | XOM: confuse monster(s)
  6459 | D:4      | Reached skill level 6 in Long Blades
  6459 | D:4      | Gained mutation: You are significantly more attuned to the shadows. [demonic ancestry]
  6459 | D:4      | Reached XP level 8. HP: 37/60 MP: 8/8
  6574 | D:5      | XOM: harmless Necr miscast
  6859 | D:5      | XOM: noise
  6904 | D:5      | XOM: enchant monster (good)
  7028 | D:5      | Reached skill level 7 in Long Blades
  7086 | D:5      | XOM: harmless Conj miscast
  7223 | D:5      | Found a sacrificial altar of Ru.
  7481 | D:6      | Found Oposear's Food Boutique.
  7515 | D:6      | XOM: enchant monster (good)
  7575 | D:6      | XOM: blink monster(s)
  8302 | D:6      | Reached skill level 8 in Long Blades
  8318 | D:5      | XOM: butterfly on damage
  8322 | D:5      | XOM: enchant monster (good)
  8555 | D:6      | Found a sparkling altar of Nemelex Xobeh.
  9132 | D:7      | XOM: god gift: short sword {god gift}
  9139 | D:7      | Found a shimmering altar of Xom.
  9242 | D:7      | XOM: potion effect (curing)
  9247 | D:7      | XOM: fake destruction
  9256 | D:7      | Reached skill level 9 in Long Blades
  9419 | D:7      | Reached XP level 9. HP: 65/65 MP: 9/9
  9466 | D:7      | Found an oddly glowing altar of Pakellas.
  9484 | D:7      | Found Jaon's Food Boutique.
  9506 | D:7      | Noticed Duvessa
  9547 | D:7      | Noticed Dowan
  9547 | D:7      | XOM: destruction
  9555 | D:7      | Noticed Duvessa
  9555 | D:7      | Duvessa changed into Duvessa the tengu
  9555 | D:7      | XOM: polymorph Duvessa -> Duvessa the tengu
  9556 | D:7      | Killed Dowan
  9660 | D:7      | XOM: scenery: create altars
  9667 | D:7      | XOM: god gift: lamp of fire
  9777 | D:7      | Killed Duvessa the tengu
 10076 | D:7      | XOM: mild Ice miscast
 10092 | D:8      | XOM: enchant monster (bad)
 10145 | D:8      | XOM: summons friendly ufetubus
 10196 | D:8      | Reached skill level 10 in Long Blades
 10237 | D:8      | XOM: medium Fire miscast
 10598 | D:8      | Found an iron altar of Okawaru.
 10642 | D:8      | XOM: potion effect (agility)
 10647 | D:8      | HP: 1/65 [two-headed ogre/giant spiked club (23)]
 11041 | D:7      | HP: 3/65 [poisoned by a killer bee]
 11217 | D:7      | XOM: torment (20/65 hp)
 11603 | D:8      | Reached skill level 11 in Long Blades
 11724 | D:8      | XOM: blink monster(s)
 11774 | D:7      | XOM: enchant monster (bad)
 11930 | D:8      | XOM: mild Trmt miscast
 11954 | D:8      | XOM: summons 3 hostile demons
 11959 | D:8      | XOM: polymorph ynoxinul -> chaos spawn
 11960 | D:8      | XOM: summons 1 hostile demon
 12150 | D:9      | XOM: medium Tloc miscast
 12150 | D:9      | Cast into level 1 of the Abyss (the capriciousness of Xom)
 12194 | D:9      | Escaped the Abyss
 12260 | D:9      | XOM: give mutations
 12260 | D:9      | Gained mutation: Scrolls take you a little longer to read. [Xom's mischief]
 12260 | D:9      | Lost mutation: Armour fits poorly on your strangely shaped body. [Xom's mischief]
 12413 | D:9      | XOM: 5-stop teleportation journey
 12767 | D:9      | XOM: divination: magic mapping
 12814 | D:9      | XOM: summons 4 hostile demons
 12877 | D:9      | XOM: harmless Pois miscast
 12973 | D:10     | Entered Level 10 of the Dungeon
 13026 | D:10     | Noticed a troll
 13039 | D:10     | Killed a troll
 13039 | D:10     | Reached XP level 10. HP: 72/72 MP: 10/10
 13124 | D:10     | XOM: mild Pois miscast
 13193 | D:10     | XOM: swap monsters
 13198 | D:10     | Reached skill level 12 in Long Blades
 13222 | D:10     | XOM: 3-stop teleportation journey
 13269 | D:10     | Found Cumiwesh's Jewellery Shop.
 13373 | D:10     | Found a blossoming altar of Fedhas.
 13574 | D:10     | Noticed Snorg
 13982 | D:10     | Found a staircase to the Lair.
 14179 | Lair:1   | XOM: noise
 14179 | Lair:1   | Entered Level 1 of the Lair of Beasts
 14189 | Lair:1   | XOM: confusion
 14193 | Lair:1   | XOM: 4-stop teleportation journey
 14250 | Lair:1   | Noticed a spiny frog
 14257 | Lair:1   | XOM: butterfly on damage
 14258 | Lair:1   | XOM: enchant monster (bad)
 14261 | Lair:1   | XOM: polymorph butterfly -> goblin
 14262 | Lair:1   | XOM: confusion
 14270 | Lair:1   | HP: 5/108 [poisoned by a spiny frog]
 14273 | Lair:1   | HP: 2/72 [poisoned by a spiny frog]
 14275 | Lair:1   | Succumbed to a spiny frog's poison

Skill      XL: |  1  2  3  4  5  6  7  8  9 10 |
---------------+-------------------------------+-----
Dodging        | 1 2 |  2.5
Armour         | 2 3 |  3.1
Long Blades    | 3 4 6 9 11 12 | 12.5
Shields        | 2 4 |  4.0
Fighting       | 4 |  4.2
Stealth        | |  0.2

Action                   |  1- 3 |  4- 6 |  7- 9 | 10-12 || total
-------------------------+-------+-------+-------+-------++-------
Melee: Falchion          |   132 |    26 |       |       ||   158
       Long sword        |       |   205 |   664 |    95 ||   964
Throw: Tomahawk          |       |       |     5 |     1 ||     6
Evoke: Wand              |       |       |     1 |     2 ||     3
       Lamp of fire      |       |       |     1 |       ||     1
  Use: Scroll            |       |     8 |     8 |     1 ||    17
       Potion            |       |     8 |     4 |     3 ||    15
 Stab: Sleeping          |     1 |     2 |     7 |     4 ||    14
       Confused          |     1 |       |     1 |       ||     2
       Invisible         |       |     9 |       |       ||     9
       Petrified         |       |       |     3 |       ||     3
       Distracted        |       |       |     2 |     1 ||     3
       Petrifying        |       |       |     1 |       ||     1
  Eat: Chunk             |     3 |     9 |    23 |     3 ||    38
       Royal jelly       |       |     1 |       |     1 ||     2
       Beef jerky        |       |       |     1 |       ||     1
       Pizza             |       |       |     1 |       ||     1
Armor: Leather armour    |    57 |   114 |   163 |    22 ||   356
Dodge: Dodged            |    85 |   168 |   309 |    39 ||   601
Block: Buckler           |     3 |    64 |   277 |    46 ||   390
       Reflection        |       |       |     2 |     6 ||     8
